Map: Triton LE

Players

Neeb

  • Race: Protoss Protoss
  • Spawn Location: 5:00

Elazer - Winner!

  • Race: Zerg Zerg
  • Spawn Location: 11:00

Event: 2019 WCS Global FInals

VOD

Have the link to the VOD?

Description

Time

  • Played on: Oct. 27, 2019, 3:33 a.m.
  • Length: 12:31

All games in this series

Show
View Real Time Build Order
Export as new Build Order

Neeb Protoss 

Build Orders: 1 Gate Expand, Oracle Opening, Phoenix Opening 

Get SALT Encoding   

  12  0:00  Probe  
  13  0:12  Probe  
  14  0:19  Pylon  
  14  0:24  Probe  
  15  0:37  Probe (Chrono Boost)  
  16  0:42  Gateway  
  16  0:47  Probe (Chrono Boost)  
  17  0:50  Assimilator  
  17  0:52  Probe (Chrono Boost)  
  18  1:03  Probe  
  19  1:15  Probe  
  20  1:26  Nexus  
  20  1:35  Cybernetics Core  
  20  1:39  Probe  
  21  1:47  Assimilator  
  21  1:51  Probe  
  21  1:54  Pylon  
  22  2:03  Probe  
  23  2:09  Adept (Chrono Boost)  
  23  2:15  Probe  
  26  2:25  Stargate  
  26  2:27  Probe (Chrono Boost)  
  26  2:29  Adept (Chrono Boost)  
  29  2:38  Warp Gate, Probe (Chrono Boost)  
  31  2:45  Probe (Chrono Boost)  
  31  2:48  Probe (Chrono Boost)  
  32  2:51  Adept  
  32  2:52  Probe (Chrono Boost)  
  32  2:53  Probe (Chrono Boost)  
  36  3:04  Probe  
  36  3:05  Probe  
  38  3:10  Gateway  
  38  3:12  Pylon  
  38  3:13  Phoenix (Chrono Boost)  
  38  3:16  Probe  
  41  3:20  Probe  
  38  3:28  Probe  
  38  3:29  Oracle (Chrono Boost)  
  38  3:32  Probe  
  43  3:37  Assimilator  
  43  3:40  Assimilator, Probe  
  44  3:44  Probe  
  44  3:48  Shield Battery  
  45  3:52  Probe  
  46  3:56  Probe  
  46  3:58  Pylon  
  50  4:02  Oracle (Chrono Boost)  
  50  4:04  Probe  
  50  4:08  Probe  
  52  4:12  Robotics Facility  
  52  4:16  Probe  
  53  4:21  Probe  
  54  4:26  Sentry  
  54  4:28  Probe  
  54  4:29  Adept  
  54  4:31  Pylon  
  59  4:35  Oracle (Chrono Boost)  
  62  4:41  Nexus  
  62  4:46  Pylon  
  62  4:48  Pylon  
  62  4:55  Gateway, Sentry x2  
  62  4:59  Gateway  
  66  5:08  Immortal (Chrono Boost)  
  70  5:25  Gateway, Sentry  
  70  5:26  Probe x2, Sentry  
  70  5:27  Gateway  
  76  5:29  Pylon  
  76  5:37  Immortal (Chrono Boost)  
  76  5:38  Probe  
  76  5:39  Probe  
  82  5:44  Pylon  
  82  5:51  Probe  
  82  5:53  Pylon  
  85  5:59  Stalker x2  
  87  6:06  Warp Prism (Chrono Boost)  
  89  6:24  Stalker x5  
  96  6:28  Stalker  
  98  6:36  Observer (Chrono Boost)  
  98  6:38  Probe x3  
  102  6:48  Pylon  
  102  6:49  Zealot x3  
  102  6:51  Stalker x3  
  102  6:53  Probe  
  112  6:55  Zealot x3  
  112  6:56  Probe x2  
  110  7:05  Probe  
  112  7:08  Probe x2  
  113  7:18  Stalker x3  
  113  7:19  Stalker x2  
  113  7:28  Probe  
  106  7:31  Probe  
  106  7:35  Immortal (Chrono Boost)  
  101  7:40  Probe, Forge  
  101  7:42  Twilight Council  
  98  7:46  Probe x2  
  98  7:47  Assimilator x2  
  100  7:54  Probe  
  101  7:59  Probe  
  102  8:06  Probe  
  102  8:08  Probe  
  102  8:09  Protoss Ground Weapons Level 1  
  102  8:10  Immortal (Chrono Boost)  
  108  8:18  Templar Archives  
  108  8:20  Charge  
  108  8:35  Psionic Storm  
  108  8:36  Immortal (Chrono Boost)  
  108  8:37  Gateway  
  108  8:38  Gateway  
  108  8:39  Zealot x3  
  108  8:40  Zealot  
  120  8:41  Zealot x2  
  124  8:55  Pylon  
  124  9:01  High Templar x4  
  132  9:04  Pylon  
  132  9:05  Photon Cannon  
  129  9:17  Zealot x2  
  129  9:18  Probe x2  
  136  9:28  Immortal (Chrono Boost)  
  136  9:30  Probe  
  140  9:32  High Templar  
  140  9:33  High Templar x2  
  140  9:34  Zealot  
  140  9:35  Pylon  
  140  9:37  Pylon x2  
  140  9:38  Pylon  
  148  9:54  Photon Cannon  
  148  9:56  High Templar x2  
  148  9:58  Zealot x2, Sentry  
  152  10:02  Nexus  
  152  10:03  Archon  
  152  10:05  Immortal (Chrono Boost), Pylon  
  152  10:09  Pylon  
  156  10:23  Zealot, High Templar x2  
  156  10:24  Zealot x3  
  166  10:28  Archon  
  166  10:30  Photon Cannon  
  166  10:32  Shield Battery  
  166  10:38  Zealot x2  
  170  10:43  Probe  
  170  10:44  Probe  
  170  10:49  High Templar x2  
  176  10:50  Zealot x2  
  176  10:52  Assimilator, Probe  
  176  10:54  Assimilator, Archon  
  176  10:55  Probe  
  170  11:03  High Templar x2  
  136  11:04  Probe  
  136  11:05  Probe  
  136  11:09  Zealot, High Templar  
  138  11:19  Zealot x2  
  138  11:23  Archon  
  136  11:29  Zealot x3  
  136  11:31  Immortal  
  124  11:35  Zealot x2  
  124  11:39  Zealot x2  
Show
View Real Time Build Order
Export as new Build Order

Elazer Zerg - Winner!

Build Orders: Hatch First 

Get SALT Encoding   

  12  0:00  Drone  
  13  0:12  Overlord  
  13  0:17  Drone  
  14  0:30  Drone x2  
  16  0:46  Drone  
  17  0:52  Drone  
  17  0:55  Hatchery  
  17  0:58  Drone  
  18  1:06  Extractor  
  17  1:13  Spawning Pool  
  17  1:16  Drone  
  17  1:19  Drone  
  18  1:28  Drone  
  19  1:39  Drone  
  20  1:51  Overlord  
  20  2:02  Queen  
  20  2:07  Queen  
  20  2:08  Zergling x4  
  26  2:09  Metabolic Boost  
  26  2:11  Zergling x2  
  27  2:19  Drone  
  28  2:25  Drone  
  28  2:29  Drone  
  30  2:38  Drone  
  30  2:40  Drone  
  30  2:43  Queen  
  34  2:49  Hatchery  
  33  2:54  Overlord  
  33  2:56  Zergling x2  
  34  3:01  Zergling x2  
  34  3:02  Drone  
  36  3:18  Drone x5  
  40  3:24  Drone  
  40  3:29  Queen  
  40  3:34  Overlord  
  42  3:35  Drone x2  
  44  3:44  Overlord  
  44  3:47  Drone  
  44  3:52  Drone x4  
  51  3:55  Drone x3  
  51  4:00  Spore Crawler  
  50  4:03  Spore Crawler  
  50  4:05  Queen  
  50  4:08  Spore Crawler  
  50  4:10  Drone x2  
  50  4:13  Overlord  
  50  4:15  Drone  
  53  4:17  Drone  
  53  4:23  Overlord, Drone  
  53  4:24  Drone x2  
  53  4:29  Drone x3  
  57  4:32  Overlord  
  57  4:36  Lair  
  57  4:40  Drone x2  
  57  4:44  Queen  
  61  4:49  Evolution Chamber, Extractor, Zergling x2  
  61  4:50  Zergling x4  
  61  4:51  Zergling x2  
  63  4:54  Overlord  
  63  4:55  Drone  
  63  4:56  Drone  
  63  4:58  Drone x2  
  67  5:00  Drone  
  67  5:01  Drone  
  67  5:02  Drone  
  67  5:03  Drone  
  67  5:05  Drone, Extractor  
  67  5:06  Drone  
  72  5:09  Drone x2  
  72  5:11  Drone  
  74  5:14  Drone x2  
  74  5:20  Overlord  
  73  5:25  Drone x5  
  73  5:27  Extractor  
  77  5:28  Zerg Melee Weapons Level 1  
  77  5:29  Drone x3, Extractor  
  77  5:32  Overlord  
  77  5:33  Drone x2  
  77  5:34  Drone  
  82  5:41  Hydralisk Den  
  82  5:42  Overlord  
  81  5:46  Baneling Nest  
  81  5:48  Zergling x6  
  83  5:53  Zergling x2  
  83  5:56  Zergling x2  
  83  5:57  Zergling x10  
  90  6:01  Overlord  
  90  6:08  Overlord  
  89  6:11  Overlord  
  89  6:12  Hatchery  
  89  6:16  Grooved Spines  
  89  6:17  Hydralisk x2  
  84  6:24  Hydralisk x3  
  89  6:32  Hydralisk x3  
  91  6:36  Hydralisk  
  97  6:40  Hydralisk x2  
  97  6:42  Hydralisk  
  97  6:45  Hydralisk  
  97  6:46  Hydralisk  
  108  6:52  Hydralisk  
  108  6:53  Zergling x12  
  110  6:57  Zergling x6  
  108  7:03  Zergling x10  
  111  7:09  Zergling x6  
  111  7:14  Zergling x2  
  108  7:20  Hydralisk x2  
  104  7:23  Hydralisk x4  
  104  7:27  Muscular Augments  
  107  7:31  Drone x4  
  107  7:33  Hydralisk x2, Extractor  
  110  7:42  Zergling x8  
  112  7:45  Zerg Melee Weapons Level 2  
  112  7:51  Pneumatized Carapace  
  112  7:56  Overlord, Drone x7  
  119  8:05  Drone x4  
  121  8:16  Centrifical Hooks  
  121  8:19  Hydralisk x2  
  121  8:21  Hatchery  
  121  8:24  Overlord  
  121  8:25  Overseer  
  124  8:32  Zergling x12  
  124  8:33  Overseer  
  130  8:35  Overlord  
  130  8:40  Overlord  
  130  8:48  Zergling x14  
  137  8:55  Overlord  
  137  8:56  Hydralisk  
  137  8:57  Zergling x8  
  137  9:02  Zergling x4  
  145  9:10  Zergling x8  
  145  9:11  Drone  
  150  9:17  Drone  
  150  9:18  Drone x2  
  150  9:20  Hatchery  
  150  9:21  Drone  
  153  9:25  Drone x4  
  153  9:27  Drone  
  158  9:31  Overlord  
  158  9:34  Drone x2  
  160  9:39  Zergling x2  
  160  9:43  Zergling x4  
  163  9:47  Zergling x8  
  163  9:51  Overlord  
  167  9:53  Extractor  
  167  9:55  Zergling x10  
  167  9:58  Baneling x11  
  171  10:03  Overlord  
  171  10:05  Overlord x3  
  167  10:15  Zergling x10  
  167  10:20  Zergling x8  
  176  10:22  Overlord  
  176  10:27  Zergling x10  
  179  10:33  Zergling x12  
  183  10:38  Hydralisk  
  173  10:43  Baneling x25  
  173  10:45  Zergling x10  
  177  10:50  Zergling x14  
  177  10:51  Zergling x2  
  177  10:53  Baneling x13  
  177  10:54  Baneling x12  
  177  10:55  Zergling x2  
  174  11:02  Zergling x6  
  162  11:05  Hydralisk  
  162  11:07  Hydralisk x4  
  162  11:11  Zergling x6  
  174  11:12  Baneling x2  
  174  11:13  Baneling x15  
  173  11:20  Zergling x16  
  173  11:24  Zergling x10  
  173  11:32  Zergling x10  
  162  11:39  Hydralisk x3  
  142  11:42  Hydralisk x3  
  142  11:43  Zergling x4  
Tags
 
Add a new tag
Caveats
  • Supply blocks, unpowered buildings, or Contaminate may cause inaccurate times.
  • Supply counts are checked every 10 seconds.